Map: Emerald City LE

Players

RobisCASH

  • Race: Terran Terran
  • League: Gold

InstantTang

  • Race: Zerg Zerg
  • League: Platinum

Throwfordays - Winner!

  • Race: Protoss Protoss

Faust - Winner!

  • Race: Zerg Zerg

VOD

Have the link to the VOD?

Description

Time

  • Played on: April 9, 2021, 5:36 p.m.
  • Length: 25:57
Show
View Real Time Build Order
Export as new Build Order

RobisCASH Terran 

Build Orders:  

Get SALT Encoding   

  12  0:00  SCV  
  13  0:12  SCV  
  14  0:19  Supply Depot  
  14  0:24  SCV  
  15  0:31  Refinery  
  15  0:41  SCV  
  16  0:46  Barracks  
  16  0:53  SCV  
  17  1:05  SCV  
  18  1:17  SCV  
  19  1:27  Supply Depot  
  19  1:29  SCV  
  20  1:34  Barracks Reactor  
  20  1:40  Refinery  
  20  1:42  SCV  
  21  2:06  SCV  
  21  2:07  Command Center  
  22  2:18  SCV  
  22  2:21  Factory  
  22  2:22  Reaper x2  
  25  2:30  SCV  
  26  2:45  Orbital Command  
  26  2:54  Reaper x2  
  28  3:06  Factory Tech Lab  
  28  3:07  Starport  
  28  3:11  SCV  
  29  3:24  SCV  
  30  3:28  Reaper x2  
  32  3:36  SCV  
  32  3:48  SCV  
  33  3:57  Orbital Command  
  33  4:00  Refinery, SCV, Reaper x2  
  33  4:01  Starport Reactor  
  36  4:07  Barracks  
  36  4:12  SCV  
  37  4:24  SCV  
  37  4:32  Reaper x2  
  37  4:36  SCV  
  37  4:41  Medivac  
  37  4:43  SCV  
  39  4:46  Refinery  
  39  4:48  SCV  
  40  4:55  SCV  
  40  4:56  Barracks, Medivac  
  43  5:00  SCV  
  46  5:19  Barracks Tech Lab  
  46  5:22  SCV x2  
  46  5:33  Supply Depot  
  46  5:48  Stimpack  
  46  5:49  Barracks Tech Lab  
  46  5:55  Marine x2, SCV x2, Medivac x2  
  46  5:56  Supply Depot  
  54  5:57  Siege Tank, Marauder  
  59  6:07  SCV x2  
  61  6:12  Marine  
  61  6:17  Marine  
  65  6:18  Marauder x2  
  65  6:19  SCV x2  
  65  6:20  Supply Depot  
  69  6:30  Marine, Liberator  
  69  6:32  SCV  
  70  6:41  Siege Tank  
  70  6:42  Marauder  
  70  6:44  Supply Depot  
  76  6:51  Marauder  
  76  6:52  Marine  
  78  7:05  Marine  
  78  7:06  Marauder  
  81  7:09  Marine, Supply Depot  
  81  7:12  Marauder  
  84  7:18  Barracks  
  84  7:23  Marine  
  84  7:27  Marine  
  86  7:31  Marauder, Liberator x2  
  86  7:32  Supply Depot  
  86  7:33  Concussive Shells  
  94  7:40  Engineering Bay  
  93  7:54  Marauder x2  
  97  8:06  Barracks, Engineering Bay  
  94  8:16  Combat Shield, Marauder  
  70  8:33  Medivac x2  
  62  8:36  Armory  
  62  8:38  Command Center  
  62  8:43  Marauder x2  
  62  8:44  Barracks Tech Lab  
  62  8:45  Siege Tank  
  67  9:03  Medivac x2  
  67  9:04  Marauder x2  
  69  9:28  Siege Tank  
  69  9:29  Barracks Tech Lab  
  72  9:32  Marauder  
  72  9:33  Marauder, Liberator x2  
  72  9:36  Marauder  
  84  9:51  Planetary Fortress  
  84  9:54  Marauder  
  84  9:55  Marauder  
  84  9:58  Marauder  
  84  10:15  Medivac, Marauder  
  84  10:16  Medivac, Marauder  
  92  10:22  Marauder x2  
  92  10:27  SCV  
  97  10:39  SCV  
  98  10:45  Liberator  
  98  10:46  Liberator  
  104  10:51  SCV  
  105  11:03  SCV  
  106  11:15  Marauder  
  106  11:16  SCV, Marauder x3  
  106  11:17  Marine x2  
  117  11:20  Terran Infantry Weapons Level 1  
  117  11:21  Terran Infantry Armor Level 1  
  117  11:43  Supply Depot  
  117  11:53  Marine x2  
  125  11:54  Marauder x3  
  125  11:57  Marauder  
  121  12:06  Supply Depot  
  113  12:11  Marine x2  
  119  12:15  Marauder x3  
  119  12:18  Marauder  
  121  12:29  Marine x2  
  123  12:30  Supply Depot  
  126  12:37  Marauder x3  
  126  12:40  Marauder  
  118  12:58  Marauder x3  
  119  13:01  Marauder  
  111  13:19  Marauder x3  
  117  13:22  Marauder  
  105  13:41  Marauder x3  
  100  13:44  Marauder  
  100  13:47  Marine  
  100  13:48  Marine  
  104  13:50  SCV  
  105  13:55  Terran Infantry Weapons Level 2  
  105  13:56  Terran Infantry Armor Level 2  
  105  14:02  SCV, Marauder x3  
  107  14:05  Marine, Marauder  
  107  14:06  Marine  
  107  14:08  Liberator x2  
  114  14:14  Siege Tank  
  114  14:15  SCV  
  113  14:20  Refinery  
  113  14:22  Refinery  
  113  14:23  Marine  
  113  14:24  Marine, Marauder x3  
  109  14:26  Marauder  
  109  14:27  SCV  
  106  14:31  Starport  
  106  14:39  SCV  
  106  14:41  Marine x2  
  106  14:45  Marauder x3  
  115  14:46  Siege Tank  
  115  14:47  Command Center  
  115  14:48  Marauder  
  115  14:51  SCV, Medivac, Liberator  
  126  15:03  SCV  
  126  15:06  Marauder x3  
  133  15:08  Supply Depot  
  133  15:09  Marauder  
  129  15:15  SCV  
  129  15:18  Siege Tank  
  131  15:27  SCV  
  131  15:28  Marauder x3  
  137  15:30  Supply Depot  
  137  15:31  Marauder  
  110  15:49  Marauder  
  93  15:52  Supply Depot  
  93  15:59  SCV  
  93  16:00  Planetary Fortress  
  94  16:05  Marauder x3  
  94  16:08  Medivac x2, Starport Reactor  
  94  16:11  SCV, Marauder  
  106  16:14  Supply Depot  
  107  16:23  SCV  
  108  16:26  Marauder  
  108  16:27  Marauder x2  
  108  16:32  Marauder  
  116  16:35  SCV  
  116  16:38  Liberator x2  
  116  16:39  Terran Infantry Weapons Level 3  
  123  16:48  Terran Infantry Armor Level 3, Marauder x3  
  123  16:53  Medivac, Marauder  
  123  16:54  Refinery  
  133  16:59  Refinery  
  123  17:40  Marauder x4  
  122  18:01  Marauder  
  122  18:02  Marauder x3  
  120  18:11  Terran Vehicle Weapons Level 1  
  99  18:16  Medivac x2  
  90  18:23  Marauder x4  
  92  18:44  Marauder x3  
  92  18:45  Marauder  
  92  18:48  Medivac x2  
  104  18:49  Medivac  
  104  19:05  Marauder  
  104  19:06  Marauder x3  
  90  19:22  Command Center  
  73  19:27  Marauder x4  
  66  19:45  Marine x2  
  67  19:48  Marine x2, Marauder  
  67  19:49  Marauder  
  74  19:56  Siege Tank  
  74  19:57  Medivac  
  79  20:03  Marine x2  
  79  20:06  Marine x2, Terran Vehicle And Ship Armor Level 1  
  83  20:09  Marine x2  
  85  20:21  Marine x2  
  86  20:24  Marine x2  
  86  20:27  Marine x2  
  91  20:28  Siege Tank  
  94  20:37  Planetary Fortress  
  94  20:38  Marine  
  94  20:39  Marine  
  94  20:41  SCV  
  94  20:42  Marine x2  
  99  20:45  Marine  
  100  20:53  SCV  
  101  21:00  Siege Tank  
  104  21:05  SCV  
  105  21:18  SCV  
  96  21:30  SCV  
  67  21:41  Medivac x4  
  51  22:12  Marauder x4  
  51  22:15  SCV  
  57  22:18  Refinery  
  57  22:19  Refinery  
  57  22:27  SCV  
  55  22:33  Marauder  
  55  22:34  Marauder x3  
  63  22:39  SCV  
  63  22:41  Orbital Command  
  64  22:51  SCV  
  64  22:54  Marauder  
  64  22:55  Marauder x3  
  63  23:22  SCV  
  64  23:32  Marauder  
  64  23:33  Marine  
  67  23:34  Marine, SCV  
  65  25:05  Marauder x4  
  69  25:26  Marauder  
  69  25:27  Marauder x3  
Show
View Real Time Build Order
Export as new Build Order

InstantTang Zerg 

Build Orders: Hatch First, Lurkers 

Get SALT Encoding   

  12  0:02  Drone  
  13  0:11  Drone  
  14  0:17  Overlord  
  14  0:28  Extractor  
  13  0:29  Drone  
  15  0:35  Drone  
  15  0:36  Drone  
  17  0:47  Drone  
  18  0:57  Drone  
  19  1:11  Hatchery  
  19  1:14  Drone  
  19  1:21  Drone  
  20  1:32  Spawning Pool  
  20  1:33  Extractor  
  18  1:47  Drone x2  
  19  2:01  Overlord  
  19  2:22  Queen  
  19  2:23  Drone  
  19  2:26  Zergling x4  
  19  2:28  Zergling x2  
  19  2:29  Queen  
  25  2:34  Metabolic Boost  
  28  2:44  Drone  
  28  2:50  Drone x2  
  30  2:56  Drone  
  30  2:57  Hatchery  
  31  2:58  Drone  
  31  3:04  Baneling Nest  
  30  3:09  Zergling x6  
  33  3:17  Overlord  
  32  3:36  Drone x6  
  32  3:40  Queen  
  40  3:47  Overlord  
  40  3:53  Lair  
  40  3:56  Extractor  
  37  4:13  Zergling x2  
  37  4:14  Zergling x16  
  45  4:23  Baneling x4  
  45  4:24  Overlord  
  45  4:25  Drone x2  
  47  4:43  Drone x3  
  43  5:18  Hydralisk Den  
  41  5:24  Drone x4  
  41  5:25  Drone x6, Roach Warren  
  50  5:28  Extractor  
  50  5:30  Extractor  
  48  5:35  Queen  
  48  5:36  Overlord  
  48  5:39  Drone x2  
  52  5:43  Drone  
  53  5:51  Drone x2  
  53  5:52  Drone  
  53  5:53  Hatchery  
  55  6:04  Drone x2  
  57  6:10  Roach  
  57  6:11  Roach x7  
  73  6:16  Spine Crawler  
  72  6:19  Spine Crawler  
  70  6:28  Roach x2  
  70  6:29  Overlord x3  
  70  6:48  Hydralisk x4  
  70  6:51  Zergling x4  
  80  7:13  Drone x2  
  80  7:14  Drone x3  
  85  7:26  Lurker Den  
  85  7:27  Drone x4  
  88  7:33  Roach  
  90  7:49  Overlord x3  
  90  7:55  Hydralisk x3  
  96  8:03  Overlord x2  
  96  8:04  Overlord x2  
  88  8:35  Lurker x4  
  88  8:36  Lurker  
  87  8:43  Zergling x2, Roach  
  87  8:44  Roach x6  
  87  8:45  Roach x3  
  85  9:01  Hydralisk x6  
  97  9:11  Overseer  
  97  9:14  Ravager x3  
  97  9:15  Hydralisk x2  
  97  9:16  Zergling x2  
  97  9:17  Zergling x2  
  105  9:32  Lurker  
  106  9:39  Extractor, Zergling x6  
  106  9:40  Zergling x30, Extractor  
  106  9:44  Lurker x2  
  101  10:02  Roach  
  101  10:03  Roach x7  
  107  10:22  Roach x7  
  121  10:29  Drone x3  
  121  10:30  Drone x3  
  124  10:52  Lurker  
  124  10:53  Hydralisk x6  
  135  11:26  Hydralisk  
  135  11:28  Hydralisk x3  
  143  11:35  Infestation Pit  
  142  11:43  Evolution Chamber  
  138  11:48  Evolution Chamber  
  138  11:50  Glial Reconstitution  
  138  11:53  Muscular Augments  
  125  12:43  Hydralisk x2  
  125  12:44  Hydralisk x21  
  93  12:45  Hydralisk  
  93  12:46  Zergling x2  
  93  12:47  Zergling x2  
  121  12:59  Hive  
  121  13:04  Grooved Spines  
  121  13:21  Hatchery  
  120  13:33  Roach  
  134  13:34  Roach x12  
  134  13:35  Hatchery  
  119  13:57  Lurker x6  
  119  13:58  Lurker  
  124  14:17  Roach  
  124  14:18  Roach x9  
  124  14:58  Zergling x2  
  124  14:59  Zergling x22  
  136  15:04  Adrenal Glands  
  136  15:06  Zerg Missile Weapons Level 1  
  136  15:07  Zerg Ground Armor Level 1  
  69  15:24  Hydralisk  
  69  15:25  Hydralisk x7  
  84  15:38  Queen  
  84  15:39  Hydralisk x2  
  84  15:40  Hydralisk x8  
  98  15:59  Lurker x3  
  98  16:02  Extractor  
  98  16:03  Extractor  
  96  16:13  Hydralisk  
  96  16:14  Hydralisk x4  
  96  16:16  Zergling x16  
  96  16:17  Zergling x10  
  86  16:56  Hydralisk x11  
  102  17:02  Drone x2  
  102  17:03  Drone x4  
  102  17:04  Drone x3  
  111  17:17  Hydralisk x4  
  111  17:19  Roach  
  111  17:20  Zergling x2  
  122  17:25  Lurker  
  122  17:26  Lurker  
  122  17:29  Drone  
  125  17:47  Hydralisk x5  
  125  17:48  Hydralisk x2  
  132  18:19  Hydralisk x3  
  134  18:20  Roach x2  
  134  18:21  Roach x4  
  134  18:23  Overlord  
  134  18:24  Overlord x3  
  148  18:44  Zerg Missile Weapons Level 2  
  148  18:45  Zerg Ground Armor Level 2  
  148  18:54  Spire  
  148  18:55  Lurker x4  
  151  18:57  Lurker  
  151  19:00  Drone x3  
  151  19:01  Drone x3  
  136  19:48  Lurker  
  136  19:49  Lurker x2  
  136  19:51  Ravager x6  
  132  19:53  Roach  
  132  19:54  Roach x11  
  132  19:55  Zergling x8  
  112  20:52  Hatchery  
  108  21:03  Hatchery  
  85  22:01  Hydralisk  
  85  22:02  Hydralisk x11  
  77  22:18  Queen  
  77  22:20  Drone x4  
  80  22:37  Lurker x3  
  80  22:38  Lurker x2  
  85  22:46  Roach x2  
  89  22:55  Extractor x2, Zerg Missile Weapons Level 3  
  87  23:21  Zergling x2, Roach  
  87  23:22  Roach x3  
  87  23:23  Zergling x2, Roach x6  
  109  23:29  Drone x3  
  112  23:35  Drone x3  
  101  24:19  Hydralisk  
  101  24:20  Hydralisk x7  
  101  24:22  Zergling x14, Roach  
  101  24:23  Zergling x8  
  75  24:50  Lurker x2  
  27  25:24  Mutalisk  
  27  25:25  Mutalisk  
  27  25:27  Zergling x2  
  22  25:29  Zergling x6  
Show
View Real Time Build Order
Export as new Build Order

Throwfordays Protoss - Winner!

Build Orders: 1 Gate Expand 

Get SALT Encoding   

  12  0:00  Probe  
  13  0:13  Probe  
  14  0:19  Pylon  
  14  0:25  Probe  
  15  0:40  Gateway  
  15  0:41  Probe  
  16  0:53  Probe  
  17  1:13  Nexus  
  17  1:27  Zealot  
  17  1:32  Cybernetics Core  
  19  1:37  Assimilator  
  19  1:48  Probe  
  20  2:00  Probe  
  21  2:08  Assimilator  
  21  2:13  Probe  
  22  2:17  Gateway  
  22  2:25  Probe (Chrono Boost)  
  22  2:28  Pylon  
  23  2:34  Warp Gate (Chrono Boost)  
  23  2:35  Probe x2 (Chrono Boost)  
  25  2:40  Probe (Chrono Boost)  
  25  2:43  Probe  
  27  2:51  Probe  
  27  2:53  Adept  
  27  2:55  Probe  
  31  3:10  Gateway  
  31  3:11  Gateway  
  31  3:12  Probe  
  32  3:14  Probe  
  32  3:19  Assimilator  
  33  3:24  Probe  
  34  3:45  Adept x2  
  38  3:51  Probe  
  38  3:54  Assimilator  
  39  3:57  Probe  
  40  4:03  Probe  
  40  4:04  Pylon  
  40  4:08  Robotics Facility  
  40  4:09  Probe  
  38  4:21  Probe  
  38  4:23  Adept x2  
  43  4:36  Adept x2  
  47  4:46  Probe  
  47  4:50  Probe  
  49  4:56  Immortal  
  49  4:58  Probe  
  49  4:59  Twilight Council  
  54  5:02  Robotics Bay  
  54  5:08  Probe  
  54  5:10  Probe  
  52  5:19  Adept  
  54  5:24  Pylon  
  54  5:38  Pylon  
  54  5:42  Probe x2, Immortal  
  60  5:44  Pylon  
  60  5:48  Pylon  
  60  5:54  Probe  
  60  5:55  Pylon  
  61  6:06  Probe  
  61  6:11  Charge (Chrono Boost), Extended Thermal Lance  
  62  6:17  Nexus  
  62  6:18  Probe  
  62  6:20  Assimilator  
  62  6:22  Assimilator  
  62  6:25  Pylon  
  63  6:27  Forge  
  63  6:29  Forge  
  63  6:31  Observer  
  64  6:40  Stalker  
  64  6:41  Stalker x2  
  64  6:42  Stalker  
  72  6:50  Probe  
  72  6:52  Observer  
  74  6:56  Probe  
  75  7:02  Probe  
  76  7:08  Probe  
  76  7:14  Probe  
  78  7:17  Colossus  
  78  7:20  Probe  
  78  7:21  Stalker  
  78  7:22  Stalker  
  89  7:23  Stalker  
  89  7:26  Stalker, Probe  
  89  7:29  Probe  
  95  7:32  Probe  
  96  7:38  Probe  
  96  7:41  Probe  
  96  7:44  Resonating Glaives  
  98  7:45  Probe  
  99  7:53  Probe  
  100  8:02  Stalker x4  
  108  8:11  Warp Prism  
  86  9:09  Observer  
  84  9:34  Probe  
  85  9:43  Gateway  
  85  9:45  Gateway  
  85  9:46  Gateway  
  85  9:47  Probe  
  85  9:48  Pylon  
  90  9:55  Stalker x4  
  95  10:04  Colossus  
  93  10:12  Robotics Facility  
  89  10:16  Robotics Facility  
  89  10:18  Pylon  
  89  10:20  Pylon  
  89  10:22  Probe  
  89  10:23  Pylon  
  90  10:30  Nexus  
  90  10:32  Assimilator  
  90  10:34  Probe  
  91  10:36  Assimilator  
  91  10:40  Pylon, Adept  
  91  10:41  Adept x5  
  103  10:46  Probe  
  94  10:58  Probe  
  91  11:10  Colossus, Probe  
  98  11:15  Colossus x2  
  110  11:19  Stalker  
  110  11:20  Stalker x6  
  110  11:22  Probe  
  123  11:34  Probe  
  124  11:43  Protoss Ground Weapons Level 1  
  124  11:44  Protoss Ground Armor Level 1  
  124  11:46  Probe  
  121  12:04  Immortal  
  109  12:09  Immortal x2  
  109  12:13  Stalker x3  
  109  12:14  Stalker x4  
  63  13:00  Stalker  
  63  13:01  Stalker x6  
  38  13:14  Observer x2  
  40  13:33  Stalker x2  
  40  13:34  Stalker x3  
  46  13:35  Stalker x2  
  46  13:36  Stalker  
  46  13:37  Stalker  
  51  14:25  Colossus x2  
  69  14:32  Zealot x2  
  69  14:33  Zealot x3  
  79  14:39  Pylon  
  79  14:41  Pylon  
  79  14:45  Colossus  
  63  14:53  Pylon  
  63  14:54  Pylon  
  63  15:07  Cybernetics Core  
  63  15:14  Gravitic Boosters  
  63  15:19  Observer x2  
  65  15:40  Observer  
  66  15:50  Blink  
  66  16:08  Stalker x5  
  76  16:11  Gravitic Drive  
  76  16:37  Nexus  
  76  16:40  Assimilator  
  75  17:01  Nexus  
  75  17:04  Pylon  
  75  17:16  Protoss Ground Weapons Level 2 (Chrono Boost), Protoss Ground Armor Level 2 (Chrono Boost)  
  75  17:32  Stalker x5  
  85  17:48  Assimilator  
  85  17:50  Assimilator  
  85  18:17  Probe  
  86  18:21  Stalker  
  86  18:22  Stalker x4  
  96  18:29  Probe  
  98  18:41  Probe  
  98  18:52  Stalker x5  
  108  20:04  Nexus  
  78  20:18  Stalker x2  
  78  20:19  Stalker x3  
  68  20:25  Colossus  
  80  20:43  Stalker  
  80  20:44  Stalker x2  
  80  20:47  Colossus  
  67  21:21  Pylon  
  57  21:27  Pylon  
  49  21:40  Colossus  
  49  22:14  Pylon  
  49  22:29  Nexus  
  49  23:20  Observer  
  50  23:42  Observer  
  50  23:44  Assimilator  
  50  23:46  Assimilator  
  51  25:11  Stalker  
  51  25:12  Stalker x4  
  45  25:55  Stalker  
Show
View Real Time Build Order
Export as new Build Order

Faust Zerg - Winner!

Build Orders: Hatch First, Lurkers 

Get SALT Encoding   

  12  0:02  Drone  
  13  0:11  Drone  
  14  0:15  Extractor  
  14  0:16  Drone  
  14  0:22  Extractor  
  14  0:23  Drone  
  16  0:36  Overlord  
  16  0:54  Hatchery  
  16  0:55  Drone  
  16  1:00  Drone  
  17  1:07  Drone x2  
  19  1:19  Spawning Pool  
  18  1:46  Drone x2  
  20  1:52  Overlord  
  20  1:59  Hatchery  
  19  2:07  Queen  
  21  2:13  Drone  
  22  2:17  Drone  
  22  2:21  Drone  
  22  2:22  Drone  
  25  2:26  Drone  
  25  2:29  Drone  
  27  2:31  Drone  
  27  2:35  Extractor  
  27  2:37  Extractor  
  27  2:39  Drone  
  27  2:40  Drone  
  27  2:42  Queen  
  30  2:50  Queen  
  30  2:51  Overlord  
  32  2:57  Drone  
  33  3:09  Drone x2  
  33  3:11  Drone  
  36  3:15  Drone x2  
  36  3:16  Drone  
  36  3:19  Drone  
  40  3:21  Extractor  
  40  3:23  Extractor  
  38  3:32  Drone x2  
  38  3:33  Drone  
  41  3:36  Queen, Drone x3  
  46  3:46  Drone x2  
  46  3:47  Drone  
  49  3:49  Overlord x2  
  49  3:50  Overlord  
  49  3:56  Roach Warren  
  49  3:57  Drone  
  49  4:01  Drone  
  45  4:36  Roach x2  
  45  4:37  Roach x2  
  45  4:38  Roach x6  
  61  4:41  Drone x3  
  66  4:52  Lair  
  66  4:56  Drone x2, Evolution Chamber  
  66  4:57  Evolution Chamber  
  66  5:15  Roach  
  66  5:16  Roach x3  
  66  5:21  Overlord x3  
  74  5:33  Zerg Ground Armor Level 1, Zerg Missile Weapons Level 1  
  74  5:39  Overlord  
  74  5:40  Drone x2  
  77  5:42  Drone  
  77  5:43  Drone x3  
  77  5:44  Drone x2  
  77  5:49  Drone x2  
  84  5:54  Glial Reconstitution  
  84  5:58  Hydralisk Den  
  83  6:11  Overlord x2  
  83  6:13  Drone x3  
  83  6:14  Drone  
  83  6:16  Drone x4  
  91  6:20  Overlord  
  83  6:51  Roach x9  
  101  6:56  Overlord  
  101  7:01  Drone x5  
  103  7:07  Lurker Den  
  105  7:10  Metabolic Boost  
  105  7:13  Ravager x8  
  113  7:15  Drone  
  114  7:24  Roach x5  
  114  7:26  Hatchery, Drone  
  114  7:27  Extractor, Drone  
  114  7:28  Extractor, Drone x4  
  114  7:29  Drone  
  128  7:32  Extractor  
  128  7:34  Drone, Spine Crawler  
  128  7:35  Spine Crawler  
  126  7:40  Extractor  
  125  7:51  Drone x3  
  127  7:52  Drone x3  
  127  7:58  Drone x3  
  134  8:00  Drone  
  97  8:52  Ravager x2  
  97  8:53  Ravager x6  
  105  8:56  Drone  
  105  8:57  Drone x6  
  105  8:58  Drone x7  
  105  9:01  Hydralisk  
  105  9:02  Hydralisk x5  
  131  9:40  Zerg Ground Armor Level 2, Infestation Pit, Zerg Missile Weapons Level 2  
  104  10:21  Hive  
  104  10:34  Drone  
  104  10:35  Drone x2  
  107  10:37  Extractor, Hatchery  
  107  10:40  Extractor  
  107  10:42  Hydralisk x9  
  106  10:43  Hydralisk x8  
  138  10:54  Muscular Augments  
  138  10:55  Baneling Nest  
  134  11:10  Lurker x6  
  134  11:11  Lurker x2  
  142  11:13  Drone  
  142  11:14  Drone  
  142  11:15  Overlord x2  
  142  11:16  Overlord x6  
  142  11:17  Overlord  
  144  11:54  Hatchery  
  144  11:59  Overseer x3  
  143  12:01  Pneumatized Carapace  
  143  12:05  Grooved Spines  
  101  12:53  Hydralisk  
  101  12:54  Hydralisk x22  
  101  12:55  Hydralisk x2  
  148  13:08  Zerg Ground Armor Level 3, Ultralisk Cavern  
  110  13:52  Zergling x2  
  110  13:53  Zergling x10, Drone  
  110  13:54  Drone x7  
  110  13:55  Drone x5  
  121  14:06  Ultralisk  
  121  14:07  Ultralisk x5  
  157  14:15  Hydralisk x7  
  147  14:33  Lurker x3  
  147  14:34  Lurker x4  
  154  14:41  Lurker x4  
  154  14:42  Lurker x2  
  154  14:43  Ultralisk x5  
  154  14:45  Zergling x8  
  182  14:46  Zergling x12  
  158  15:23  Zergling x2  
  158  15:24  Zergling x28  
  139  15:45  Zerg Melee Weapons Level 1  
  137  15:57  Drone x13  
  136  16:03  Drone x2  
  149  16:08  Spine Crawler  
  148  16:11  Spine Crawler  
  148  16:15  Drone x3, Spine Crawler  
  148  16:16  Queen, Drone, Spine Crawler  
  151  16:24  Adrenal Glands  
  138  17:12  Hydralisk  
  138  17:13  Spire, Hydralisk x18  
  171  17:23  Ultralisk x3  
  150  17:41  Ultralisk x2  
  161  17:45  Ultralisk x4  
  177  17:59  Zergling x10  
  177  18:00  Zergling x14  
  173  18:20  Drone  
  173  18:21  Drone x2  
  173  18:23  Drone x6  
  173  18:24  Drone x2  
  173  18:27  Corruptor  
  184  18:29  Extractor  
  185  18:37  Extractor  
  185  18:38  Hatchery  
  183  18:43  Extractor  
  183  18:44  Drone x3  
  183  18:45  Extractor  
  183  18:48  Corruptor x3, Zerg Flyer Weapons Level 1  
  176  19:20  Corruptor x3  
  176  19:21  Hydralisk  
  153  19:45  Drone x2  
  153  19:46  Drone  
  153  19:47  Drone x3  
  153  19:48  Drone x3  
  161  19:54  Overlord x2  
  161  20:13  Extractor  
  160  20:18  Extractor  
  159  20:22  Overseer  
  159  20:25  Ultralisk x2  
  159  20:26  Zergling x4  
  159  20:27  Zergling x16  
  181  20:33  Queen  
  181  20:35  Queen  
  183  20:39  Spine Crawler  
  183  20:42  Drone x5, Spine Crawler  
  188  21:19  Corruptor  
  188  21:20  Corruptor x4  
  164  21:40  Ultralisk x4  
  164  21:41  Zergling x16  
  164  21:42  Zergling x2  
  145  22:05  Ultralisk x2  
  145  22:07  Zergling x2  
  145  22:08  Zergling x14  
  135  22:19  Ultralisk  
  140  22:39  Extractor  
  140  22:40  Hatchery  
  140  22:42  Extractor  
  135  22:51  Greater Spire  
  135  22:53  Zerg Melee Weapons Level 2  
  115  23:16  Ultralisk x3  
  133  23:26  Queen  
  136  23:34  Zergling x14  
  136  23:35  Zergling x10  
  141  24:13  Zergling x2  
  141  24:14  Zergling x36  
  139  24:31  Drone x2  
  139  24:32  Drone x2  
  139  24:33  Drone x2  
  108  25:19  Zergling x8  
  108  25:20  Zergling x16  
  99  25:40  Zergling x6  
Tags
 
Add a new tag
Caveats
  • Supply blocks, unpowered buildings, or Contaminate may cause inaccurate times.
  • Supply counts are checked every 10 seconds.